 Dungeon Crawl Stone Soup version 0.25-a0-109-ge9c0e85935 (webtiles) character file.

Game seed: 17031322568717730391, levelgen mode: deterministic

1697 Leeroy the Covered (level 9, -9/68 HPs)
             Began as a Barachi Skald on Nov 18, 2019.
             Was a Follower of Vehumet.
             Mangled by Harold
             ... wielding a +0 mace
              (20 damage)
             ... on level 7 of the Dungeon.
             The game lasted 00:14:17 (6079 turns).

Leeroy the Covered (Barachi Skald)                  Turns: 6079, Time: 00:14:18

Health: -9/68      AC:  5    Str: 16    XL:     9   Next: 3%
Magic:  11/12      EV:  7    Int: 14    God:    Vehumet [*.....]
Gold:   347        SH:  0    Dex: 11    Spells: 1/12 levels left

rFire    . . .     SeeInvis .   E - +3 long sword (flame)
rCold    . . .     Gourm    .   (no shield)
rNeg     . . .     Faith    .   b - +0 leather armour
rPois    .         Spirit   .   (no helmet)
rElec    .         Reflect  .   (no cloak)
rCorr    .         Harm     .   (no gloves)
MR       .....                  o - +0 pair of boots
Stlth    +.........             (no amulet)
HPRegen  0.21/turn              (no ring)
MPRegen  0.13/turn              (no ring)

@: about to teleport, held, slow
A: +LOS, swims, slowness 1, strong legs 1
a: Hop, Renounce Religion


You were on level 7 of the Dungeon.
You worshipped Vehumet.
Vehumet was aware of your devotion.
You were not hungry.

You visited 1 branch of the dungeon, and saw 8 of its levels.

You collected 347 gold pieces.

Inventory:

Hand Weapons
 a - a +0 falchion
 g - a +3 hunting sling
 n - a +0 short sword
 u - a +0 dagger
 E - a +3 long sword of flaming (weapon)
 K - a +0 flail of holy wrath
 O - a +0 shortbow
Missiles
 x - 7 boomerangs (quivered)
 M - 25 stones
 P - 28 arrows
Armour
 b - a +0 leather armour (worn)
 c - a +0 ring mail
 f - a +0 chain mail
 o - a +0 pair of boots (worn)
 s - a +0 buckler
 J - a +0 large shield
Magical Staves
 C - an uncursed staff of power {unknown}
Jewellery
 k - a +4 ring of strength {unknown}
 r - a cursed ring of attention
 w - an uncursed amulet of magic regeneration {unknown}
 G - a cursed ring of attention
 I - a cursed ring of stealth {unknown}
Scrolls
 e - 3 scrolls of identify {unknown}
 i - 3 scrolls of fear {unknown}
 j - 4 scrolls of teleportation
 l - 2 scrolls of amnesia {unknown}
 m - 2 scrolls of immolation {unknown}
 t - a scroll of enchant armour {unknown}
 v - a scroll of remove curse {unknown}
 y - 2 scrolls of blinking {unknown}
 B - a scroll of magic mapping {unknown}
 D - a scroll of enchant weapon {unknown}
 F - a scroll of fog {unknown}
 L - a scroll of random uselessness {unknown}
Potions
 h - a potion of might {unknown}
 p - 2 potions of heal wounds {unknown}
 q - a potion of cancellation {unknown}
 z - a potion of magic {unknown}
 A - 2 potions of degeneration {unknown}
 H - a potion of haste {unknown}
Comestibles
 d - 3 rations
 N - 2 chunks of flesh


   Skills:
 - Level 5.2 Fighting
 - Level 6.2 Long Blades
 - Level 7.5 Armour
 + Level 3.8 Dodging
 - Level 2.1 Spellcasting
 - Level 6.0 Hexes
 - Level 4.0 Charms


You had one spell level left.
You knew the following spells:

 Your Spells              Type           Power        Failure   Level  Hunger
a - Infusion              Chrm           ##..         5%          1    #......
b - Spectral Weapon       Hex/Chrm       ###.....     11%         3    ###....
c - Regeneration          Chrm/Necr      #.........   36%         3    ###....
d - Sandblast             Erth           #.....       28%         1    #......
e - Vampiric Draining     Necr           #.........   63%         3    ###....

Your spell library contained the following spells:

 Spells                   Type           Power        Failure   Level  Hunger
 Confusing Touch          Hex            ###...       2%          1    #......
 Animate Skeleton         Necr           N/A          28%         1    #......
 Apportation              Tloc           #.....       28%         1    #......
 Pain                     Necr           #...         28%         1    #......
 Summon Small Mammal      Summ           #...         28%         1    #......
 Song of Slaying          Chrm           ##......     8%          2    ###....
 Shroud of Golubria       Chrm/Tloc      #.....       19%         2    ###....
 Animate Dead             Necr           N/A          95%         4    #####..


Dungeon Overview and Level Annotations

Branches:
Dungeon (8/15)
 Temple: D:4-7         Lair: D:8-11

Altars:
Ashenzari
Cheibriados
Elyvilon
Fedhas
Nemelex Xobeh
Sif Muna
Vehumet
Xom
The Shining One

Annotations:
D:3 3 runed translucent doors, bmj180's ghost, amateur HOFi
D:7 Harold


Innate Abilities, Weirdness & Mutations

Shadows flee at your approach. (+LOS)
You can swim through water.
You cover ground slowly.
You can hop short distances.


Message History

You struggle against the net.
Harold gestures at you while chanting. The harpoon shot misses you.
You struggle against the net.
You struggle against the net.
Harold hits you with a +0 mace.
You struggle against the net.
Harold hits you with a +0 mace!
You struggle against the net.
Casting: Spectral Weapon (safe; 11% risk of failure)
Confirm with . or Enter, or press ? or * to list all spells.
Aiming: Sandblast (safe; 28% risk of failure)
Press: ? - help, Shift-Dir - straight line, f - Harold
Aim: Harold, wielding a +0 mace and wearing a +0 scale mail The blast of sand hits Harold but does no damage.
M - 25 stones Harold hits you with a +0 mace!!
* * * LOW HITPOINT WARNING * * *
As you read the scroll labeled EJIUTEW HOCA, it crumbles to dust.
You feel strangely unstable.
It was a scroll of teleportation.
Harold hits you with a +0 mace!!
You die...

################
#........=..<).#
#.############.#
#.# #.# #.#
#.###
######.######
#....
#.....@.....#
#####
#...###@####.#
## #...# ......#
$.........
..h#......##.
... ...%.... ..
#. .#.....### ..
# ...:..... .


You could see Harold.

Vanquished Creatures
  Sigmund (D:4)
  A sky beast (D:6)
  A necrophage (D:5)
  An ice beast (D:5)
  A phantom (D:4)
  2 centaurs (D:7)
  4 ogres
  A wyvern skeleton (D:4)
  A crimson imp (D:5)
  A bullfrog zombie (D:5)
  2 centaur zombies
  A jelly (D:7)
  3 hounds
  A gnoll shaman (D:5)
  A bullfrog skeleton (D:4)
  2 iguanas
  2 worker ants (D:5)
  A hound zombie (D:7)
  A hound skeleton (D:5)
  7 gnolls (D:5)
  7 adders
  2 oozes (D:3)
  An adder skeleton (D:5)
  2 worms
  4 dart slugs
  4 leopard geckos
  An orc (D:3)
  6 giant cockroaches
  6 goblins
  2 hobgoblins (D:1)
  7 jackals
  3 quokkas
  A bat (D:1)
  6 frilled lizards
  3 jackal skeletons
  3 kobolds (D:2)
  7 rats
100 creatures vanquished.

Vanquished Creatures (others)
  2 spectral weapons (D:4)
2 creatures vanquished.

Grand Total: 102 creatures vanquished

Notes
Turn   | Place    | Note
-------+----------+-------------------------------------------
     0 | D:1      | Leeroy the Barachi Skald began the quest for the Orb.
     0 | D:1      | Reached XP level 1. HP: 17/17 MP: 3/3
    39 | D:1      | Reached XP level 2. HP: 1/23 MP: 5/5
   933 | D:2      | Reached XP level 3. HP: 21/28 MP: 6/6
  1407 | D:2      | Found a snail-covered altar of Cheibriados.
  1418 | D:2      | Found a radiant altar of Vehumet.
  1419 | D:2      | Found a white marble altar of Elyvilon.
  1419 | D:2      | Found a shimmering altar of Xom.
  1419 | D:2      | Found a shattered altar of Ashenzari.
  1420 | D:2      | Found a sparkling altar of Nemelex Xobeh.
  1427 | D:2      | Found a shimmering blue altar of Sif Muna.
  1449 | D:2      | Became a worshipper of Vehumet
  1942 | D:3      | Found a runed translucent gate.
  1958 | D:3      | Found a runed translucent gate.
  1958 | D:3      | Found a runed translucent gate.
  2001 | D:3      | Reached skill level 5 in Long Blades
  2006 | D:3      | Learned a level 3 spell: Spectral Weapon
  2007 | D:3      | Found a blossoming altar of Fedhas.
  2162 | D:3      | Reached XP level 4. HP: 25/34 MP: 7/7
  2497 | D:3      | Noticed bmj180's ghost (amateur HOFi)
  2639 | D:3      | Learned a level 3 spell: Regeneration
  2676 | D:4      | Noticed an ogre
  2679 | D:4      | Noticed Sigmund
  2842 | D:4      | Reached XP level 5. HP: 17/39 MP: 8/8
  3021 | D:4      | Noticed an ogre
  3029 | D:4      | Killed an ogre
  3035 | D:4      | Killed an ogre
  3035 | D:4      | Reached skill level 5 in Fighting
  3035 | D:4      | Reached XP level 6. HP: 23/51 MP: 3/9
  3262 | D:4      | Killed Sigmund
  3262 | D:4      | Reached XP level 7. HP: 51/56 MP: 6/10
  3395 | D:4      | HP: 1/56 [wyvern skeleton (2)]
  4433 | D:5      | Entered Level 5 of the Dungeon
  4513 | D:5      | Reached skill level 5 in Hexes
  4550 | D:5      | Reached * piety under Vehumet
  4550 | D:5      | Offered knowledge of Sandblast by Vehumet.
  4553 | D:5      | Learned a level 1 spell: Sandblast
  4914 | D:5      | Reached XP level 8. HP: 50/62 MP: 7/11
  4940 | D:5      | Reached skill level 3 in Armour
  4992 | D:5      | Reached skill level 4 in Armour
  5284 | D:5      | Reached skill level 5 in Armour
  5610 | D:5      | Learned a level 3 spell: Vampiric Draining
  5722 | D:5      | Reached skill level 6 in Armour
  5841 | D:6      | Found a glowing golden altar of the Shining One.
  5842 | D:6      | Noticed an angel
  5873 | D:6      | You fall into a shaft and drop 2 floors!
  5894 | D:8      | Noticed a hippogriff
  5906 | D:7      | Reached skill level 7 in Armour
  6011 | D:7      | Noticed Harold
  6037 | D:7      | Reached XP level 9. HP: 40/68 MP: 12/12
  6079 | D:7      | Mangled by Harold

Levels and vault maps discovered:
D:1:      dpeg_arrival_long_road, layout_rooms, chequers_serial_rivers_marsh
D:2:      layout_basic, minitemple, kennysheep_generic_room_7
D:3:      layout_rooms, lemuel_coloured_pillars_altar, gammafunk_ghost_icy,
          first_ration
D:4:      layout_basic, uniq_sigmund
D:5:      layout_loops_ring
D:6:      layout_loops_ring, grunt_temple_overflow_holy_war,
          kennysheep_small_circle
D:7:      layout_loops_ring, minmay_temple_entry_antechambers, uniq_harold
D:8:      layout_rooms

Skill      XL: |  1  2  3  4  5  6  7  8 |
---------------+-------------------------+-----
Long Blades    | 3 4 5 6 |  6.2
Fighting       | 5 |  5.2
Hexes          | 3 6 |  6.0
Charms         | 4 |  4.0
Armour         | 7 |  7.5
Dodging        | 3 |  3.8
Spellcasting   | |  2.1

Action                   |  1- 3 |  4- 6 |  7- 9 || total
-------------------------+-------+-------+-------++-------
Melee: Falchion          |   148 |    78 |    40 ||   266
       Long sword        |       |       |   114 ||   114
Throw: Boomerang         |       |       |     2 ||     2
 Cast: Infusion          |     1 |       |       ||     1
       Spectral Weapon   |       |     3 |    16 ||    19
       Regeneration      |       |       |     1 ||     1
       Sandblast         |       |       |     1 ||     1
 Abil: Hop               |       |     1 |       ||     1
  Use: Potion            |       |       |     1 ||     1
       Scroll            |       |       |     1 ||     1
  Eat: Chunk             |     2 |     3 |     6 ||    11
       Ration            |     1 |       |     2 ||     3
Armor: Leather armour    |    33 |    21 |    35 ||    89
       Skin              |       |       |     2 ||     2
Dodge: Dodged            |    96 |    41 |    94 ||   231
       Rpst.: Falchion   |    27 |     8 |     5 ||    40
       Long sword        |       |       |    23 ||    23

Table legend:
 A = Non-vault XP
 B = Vault XP
 C = Vault XP percentage of total XP
 D = Non-vault monster count
 E = Vault monster count
 F = Vault count percentage of total count
                 A         B        C        D         E       F
            +---------+---------+-------+---------+---------+-------
      Total |    2215 |     210 |   8.7 |      98 |       2 |   2.0
            +---------+---------+-------+---------+---------+-------
        D:1 |      23 |       0 |   0.0 |      11 |       0 |   0.0
        D:2 |      37 |       2 |   5.1 |      22 |       1 |   4.3
        D:3 |      49 |       0 |   0.0 |      13 |       0 |   0.0
        D:4 |     520 |     208 |  28.6 |      12 |       1 |   7.7
        D:5 |    1035 |       0 |   0.0 |      30 |       0 |   0.0
        D:6 |     132 |       0 |   0.0 |       1 |       0 |   0.0
        D:7 |     382 |       0 |   0.0 |       8 |       0 |   0.0
        D:8 |      37 |       0 |   0.0 |       1 |       0 |   0.0
            +---------+---------+-------+---------+---------+-------
